 Dungeon Crawl Stone Soup version 0.29.1-1-gd02db6906a (webtiles) character file.

Game seed: 1111276908514668626

327477 Earthwalker the Slayer (level 20, -7/199 HPs)
             Began as a Minotaur Fighter on Oct 15, 2022.
             Was the Champion of Okawaru.
             Splashed with acid (9 damage)
             ... on level 4 of the Pits of Slime.
             The game lasted 06:09:56 (64832 turns).

Earthwalker the Slayer (Minotaur Fighter)          Turns: 64832, Time: 06:09:56

Health: -7/199     AC: 19    Str: 24      XL:     20   Next: 78%
Magic:  0/35       EV: 13    Int: 22 (23) God:    Okawaru [******]
Gold:   2866       SH:  0    Dex: 13 (14) Spells: 19/19 levels left

rFire   + + +      SeeInvis .   D - +10 trident of Resumed Hostilities {venom, Int+4}
rCold   + . .      Faith    .   J - +2 kite shield {reflect}
rNeg    . . .      Spirit   +   m - +5 plate armour of Noughts and Crosses {Rampage +Inv rF++ rC+}
rPois   .          Reflect  +   t - +2 hat
rElec   +          Harm     .   h - +1 cloak {rCorr}
rCorr   +          Rampage  +   l - +2 pair of gloves of Aci Ziew {Rampage rF+}
Will    +....      Rnd*Tele +   u - +2 pair of boots {Stlth+}
Stlth   ..........              U - amulet "Xoask" {Spirit MP+9 Int-3 Dex+4}
HPRegen 0.43/turn               c - +4 ring of slaying
MPRegen 0.24/turn               z - ring "Beibb" {Fly rElec Int+7}

@: confused, corroded, flying, studying 2 skills, unable to read, unable to
drink
A: horns 2, retaliatory headbutt, clever 2, deterioration 1, teleportitis 1,
wild magic 2, evolution 1, inability to drink after injury 1, inability to read
after injury 1
}: 2/15 runes: decaying, serpentine
a: Renounce Religion, Evoke Invisibility, Heroism, Finesse, Duel


You were on level 4 of the Pits of Slime.
You worshipped Okawaru.
Okawaru was exalted by your worship.
You visited 8 branches of the dungeon, and saw 39 of its levels.
You visited the Abyss 1 time.

You collected 5578 gold pieces.
You spent 2712 gold pieces at shops.

Inventory:

Hand Weapons
 D - the +10 trident of Resumed Hostilities (weapon) {venom, Int+4}
   (You took it off a deep elf death mage on level 3 of the Elven Halls)

   It poisons the flesh of those it strikes.
   Int:       It affects your intelligence (+4).
Missiles
 i - a boomerang
 A - 3 silver boomerangs (quivered)
 L - 2 atropa-tipped darts
Armour
 h - a +1 cloak of preservation (worn)
 l - the +2 pair of gloves of Aci Ziew (worn) {Rampage rF+}
   (You found it on level 3 of the Elven Halls)

   rF:        It protects you from fire.
   Rampage:   It bestows one free step when moving towards enemies.
 m - the +5 plate armour of Noughts and Crosses (worn) {Rampage +Inv rF++ rC+}
   (Okawaru gifted it to you on level 5 of the Lair of Beasts)

   rF:        It greatly protects you from fire.
   rC:        It protects you from cold.
   +Inv:      It lets you turn invisible.
   Rampage:   It bestows one free step when moving towards enemies.
 t - a +2 hat (worn)
 u - a +2 pair of boots of stealth (worn)
 x - the +0 chain mail "Sephonk" {rPois Regen+ rCorr Str-3}
   (Okawaru gifted it to you on level 15 of the Dungeon)

   Str:       It affects your strength (-3).
   rPois:     It protects you from poison.
   Regen:     It increases your rate of health regeneration.
   rCorr:     It protects you from acid and corrosion.
 y - a +2 cloak of willpower
 J - a +2 kite shield of reflection (worn)
 M - the +4 plate armour of the Moon {Contam rPois Str+5}
   (Okawaru gifted it to you on level 5 of the Pits of Slime)

   Str:       It affects your strength (+5).
   rPois:     It protects you from poison.
   Contam:    It causes magical contamination when unequipped.
Jewellery
 c - a +4 ring of slaying (left hand)
 z - the ring "Beibb" (right hand) {Fly rElec Int+7}
   (You took it off a deep elf death mage on level 3 of the Elven Halls)

   [ring of flight]

   Int:       It affects your intelligence (+7).
   rElec:     It insulates you from electricity.
   Fly:       It grants you flight.
 U - the amulet "Xoask" (around neck) {Spirit MP+9 Int-3 Dex+4}
   (You acquired it on level 2 of the Orcish Mines)

   [amulet of guardian spirit]

   It causes incoming damage to be divided between your reserves of health and
   magic.
   Int:       It affects your intelligence (-3).
   Dex:       It affects your dexterity (+4).
   MP:        It affects your magic capacity (+9).
Wands
 s - a wand of flame (12)
 C - a wand of quicksilver (24)
 G - a wand of digging (6)
 K - a wand of mindburst (51)
 O - a wand of iceblast (18)
 Q - a wand of polymorph (89)
Scrolls
 a - 5 scrolls of fear
 f - 3 scrolls of blinking
 k - 8 scrolls of poison
 p - 24 scrolls of teleportation
 r - 7 scrolls of enchant weapon
 v - 14 scrolls of immolation
 E - 3 scrolls of magic mapping
 F - 2 scrolls of enchant armour
 H - 5 scrolls of torment
 R - 9 scrolls of noise
 S - 3 scrolls of vulnerability
Potions
 b - 5 potions of magic
 d - 5 potions of might
 e - 3 potions of resistance
 g - a potion of mutation
 j - 14 potions of curing
 n - 5 potions of heal wounds
 o - 3 potions of berserk rage
 q - 3 potions of attraction
 w - 7 potions of degeneration
 B - 5 potions of haste
 I - 5 potions of ambrosia
 N - 7 potions of brilliance
 P - a potion of invisibility
 T - 7 potions of lignification
 Y - 4 potions of cancellation


   Skills:
 * Level 21.7 Fighting
 + Level 17.1 Polearms
 - Level 10.0 Throwing
 + Level 17.0 Armour
 + Level 15.2 Dodging
 * Level 10.8 Stealth
 * Level 18.7 Shields
 - Level 10.0 Invocations
 - Level 10.0 Evocations


You had 19 spell levels left.
You didn't know any spells.
Your spell library contained the following spells:

 Spells                   Type           Power      Damage    Failure   Level
 Apportation              Tloc           0%         N/A       94%         1
 Necrotise                Necr           0%         1d4       94%         1
 Ensorcelled Hibernation  Hex/Ice        0%         N/A       98%         2
 Passwall                 Tmut/Erth      0%         N/A       98%         2
 Scorch                   Fire           0%         2d5       98%         2
 Static Discharge         Conj/Air       0%         3-3/arc   98%         2
 Sublimation of Blood     Necr           0%         N/A       98%         2
 Wereblood                Tmut           0%         N/A       98%         2
 Confusing Touch          Hex            0%         N/A       100%        3
 Conjure Flame            Conj/Fire      0%         6-21      100%        3
 Dazzling Flash           Conj/Hex       0%         N/A       100%        3
 Gell's Gravitas          Tloc           0%         N/A       100%        3
 Ignite Poison            Fire/Tmut/Pois 0%         N/A       100%        3
 Lesser Beckoning         Tloc           0%         N/A       100%        3
 Ozocubu's Armour         Ice            0%         N/A       100%        3
 Portal Projectile        Hex/Tloc       0%         N/A       100%        3
 Stone Arrow              Conj/Erth      0%         3d7       100%        3
 Swiftness                Air            0%         N/A       100%        3
 Teleport Other           Tloc           0%         N/A       100%        3
 Vampiric Draining        Necr           0%         2d6       100%        3
 Corpse Rot               Necr/Pois/Air  0%         N/A       100%        4
 Dispel Undead            Necr           0%         3d6       100%        4
 Flame Wave               Conj/Fire      0%         2d4       100%        4
 Fulminant Prism          Conj/Hex       0%         3d6       100%        4
 Hailstorm                Conj/Ice       0%         3d3       100%        4
 Ice Form                 Ice/Tmut       0%         N/A       100%        4
 Iskenderun's Mystic Bla  Conj/Tloc      0%         2d3       100%        4
 Leda's Liquefaction      Hex/Erth       0%         N/A       100%        4
 Petrify                  Tmut/Erth      0%         N/A       100%        4
 Sticky Flame             Conj/Fire      0%         2d3       100%        4
 Agony                    Necr           0%         N/A       100%        5
 Blade Hands              Tmut           0%         N/A       100%        5
 Borgnjor's Vile Clutch   Necr/Erth      0%         N/A       100%        5
 Fireball                 Conj/Fire      0%         3d3       100%        5
 Irradiate                Conj/Tmut      0%         3d11      100%        5
 Lee's Rapid Deconstruct  Erth           0%         3d5*      100%        5
 Yara's Violent Unravell  Hex/Tmut       0%         3d3       100%        5
 Iron Shot                Conj/Erth      0%         9d1       100%        6
 Starburst                Conj/Fire      0%         6d3       100%        6
 Dragon Form              Tmut           0%         N/A       100%        7
 Enfeeble                 Hex            0%         N/A       100%        7
 Orb of Destruction       Conj           0%         9d5       100%        7
 Ozocubu's Refrigeration  Ice            0%         4d7       100%        7
 Ignition                 Fire           0%         3d3       100%        8
 Lehudib's Crystal Spear  Conj/Erth      0%         10d2      100%        8
 Death's Door             Necr           0%         N/A       100%        9
 Shatter                  Erth           0%         3d5*      100%        9
 Summon Small Mammal      Summ           Unusable   N/A       N/A         1
 Call Canine Familiar     Summ           Unusable   N/A       N/A         3
 Summon Guardian Golem    Hex/Summ       Unusable   N/A       N/A         3
 Tukima's Dance           Hex            Unusable   N/A       N/A         3
 Animate Armour           Summ/Erth      Unusable   N/A       N/A         4
 Simulacrum               Ice/Necr       Unusable   N/A       N/A         6
 Summon Cactus Giant      Summ           Unusable   N/A       N/A         6
 Spellforged Servitor     Conj/Summ      Unusable   N/A       N/A         7
 Summon Hydra             Summ           Unusable   N/A       N/A         7

Dungeon Overview and Level Annotations

Branches:
Dungeon (15/15)            Temple (1/1) D:7            Lair (5/5) D:9
  Swamp (4/4) Lair:3        Snake (4/4) Lair:2        Slime (5/5) Lair:4
    Orc (2/2) D:11            Elf (3/3) Orc:2        Vaults (0/5) D:13
 Depths (0/4) D:15

Altars:
Ashenzari
Cheibriados
Dithmenos
Elyvilon
Fedhas
Gozag
Hepliaklqana
Kikubaaqudgha
Makhleb
Nemelex Xobeh
Okawaru
Qazlal
Ru
Sif Muna
Trog
Uskayaw
Vehumet
Wu Jian
Xom
Yredelemnul
Zin
The Shining One

Shops:
D:4 :   D:6 (   D:14 :   Orc:2 !*?*(   Elf:1 *   Elf:2 (!:(*   Elf:3 !

Annotations:
Slime:5 Royal Jelly


Innate Abilities, Weirdness & Mutations

You have a pair of horns on your head.
You reflexively headbutt those who attack you in melee.
Your mind is very acute. (Int +8, Str/Dex -2)
Your body sometimes deteriorates upon taking damage.
You are occasionally teleported next to monsters.
Your spells are harder to cast, but more powerful.
You have hidden genetic potential.
You occasionally lose the ability to drink potions when taking damage.
You occasionally lose the ability to read scrolls when taking damage.


Message History

The acid corrodes you! The rockslime barely misses you.
You hit the acid blob.
Your hands burn!
* * * LOW HITPOINT WARNING * * *
You headbutt the acid blob, but do no damage.
The acid blob is lightly wounded.
The golden eye blinks at you. You resist with some effort.
The acid blob spits acid at you. The splash of acid hits you! You resist.
* * * LOW HITPOINT WARNING * * *
You are too confused!
The acid blob attacks as you move away! The acid blob misses you.
The golden eye blinks!
You hit the rockslime.
The rockslime is lightly wounded.
You feel less confused. You block the rockslime's attack.
You block the acid blob's attack.
You hit the rockslime but do no damage.
You headbutt the rockslime, but do no damage.
The rockslime is lightly wounded.
The golden eye pulsates ominously.
The golden eye blinks at you.
You are confused.
The rockslime hits you!!
* * * LOW HITPOINT WARNING * * *
You are shoved backwards!
You are too confused!
You cannot drink potions in your current state!
You hit the rockslime but do no damage.
The rockslime is lightly wounded.
The golden eye blinks at you.
You are more confused.
The rockslime hits you but does no damage.
The acid blob barely misses you.
You are splashed with acid.
* * * LOW HITPOINT WARNING * * *
The golden eye blinks at you. You resist with some effort.
You are splashed with acid!
You die...

#.............#
##
#............##
##.#....#..###
#..........##
##..........#
#..........##
#.J..>......#
##.G........##
#@.J.......##
##..........#
#.........##
##......###
##.....#.##
#.........#
#.........##
#....##.###
##.## ##


You could see an acid blob, a rockslime and a golden eye.

Vanquished Creatures
  Nikola (Elf:2)
  The ghost of TuffENuff the Warrior, an adept FoFi of Cheibriados (Snake:2)
  5 tentacled monstrosities
  Mlioglotl (Snake:4)
  16 acid blobs
  2 deep elf blademasters (Elf:3)
  2 deep elf master archers (Elf:3)
  An ancient champion (Elf:1)
  3 thorn hunters
  7 azure jellies
  8 fenstrider witches
  4 rockslimes
  5 nagarajas (Snake:4)
  Aizul (Snake:2)
  5 deep elf sorcerers
  An orc warlord (Orc:1)
  A ghoul (Swamp:2)
  4 deep elf elementalists (Elf:3)
  The ghost of po7itron the Marksminotaur, a journeyman MiGl of Okawaru (Elf:1)
  6 quicksilver oozes
  4 deep elf demonologists (Elf:3)
  4 deep elf annihilators
  Azrael (Orc:1)
  8 eleionomae
  Snorg (Orc:2)
  7 deep elf death magi
  8 bunyips
  2 blizzard demons (Swamp:4)
  The ghost of ababab the Covert, a journeyman FeEn of Dithmenos (Elf:2)
  2 shambling mangroves
  An ettin (D:14)
  3 deep elf high priests (Elf:3)
  3 great orbs of eyes
  2 fire dragons (Lair:5)
  Harold (D:10)
  4 boulder beetles
  5 salamander tyrants
  A vault guard (D:13)
  11 hydras
  10 ogre magi
  4 centaur warriors (D:13)
  2 catoblepae (D:12)
  18 two-headed ogres
  A ghost crab (Swamp:4)
  9 naga warriors
  25 dancing weapons
  11 anacondas
  9 alligators
  4 tengu warriors
  2 spriggan berserkers
  6 shock serpents
  17 naga sharpshooters
  A hell knight (D:15)
  31 deep elf knights
  9 skeletal warriors
  8 salamander mystics
  2 sixfirhies (Swamp:4)
  6 goliath frogs
  6 spriggan druids
  A glowing orange brain (Slime:5)
  7 naga ritualists
  11 deep elf archers
  A bog body (Swamp:1)
  A lindwurm (shapeshifter) (Elf:3)
  2 wizards (D:15)
  3 swamp dragons
  A necromancer (D:15)
  A harpy (shapeshifter) (D:12)
  2 lindwurms (Lair:5)
  30 deep elf pyromancers
  26 deep elf zephyrmancers
  9 mana vipers
  2 orc sorcerers (Swamp:4)
  4 will-o-the-wisps
  20 ugly things
  11 shining eyes
  13 salamanders
  5 manticores
  7 cyclopes
  A cyclops (shapeshifter) (D:14)
  33 black mambas
  Maurice (Orc:2)
  4 elephants (Lair:3)
  2 guardian serpents
  25 naga magi
  3 eyes of devastation
  15 cane toads
  5 torpor snails (Lair:5)
  Maggie (Lair:2)
  3 orange demons (Swamp:4)
  The ghost of H0rd4k the Slasher, a novice HuAr (D:4)
  A kobold demonologist (D:7)
  9 komodo dragons
  2 gargoyles (D:12)
  2 unseen horrors
  An efreet (D:15)
  6 rime drakes
  A tengu conjurer (D:14)
  4 yaktaurs (D:15)
  21 hornets
  4 hellwings
  4 polar bears
  A wolf spider simulacrum (D:15)
  12 tyrant leeches
  99 slime creatures
  Prince Ribbit (D:4)
  7 dream sheep (Lair:4)
  10 blink frogs
  9 trolls
  A culicivora (shapeshifter) (Elf:2)
  A vampire (D:12)
  A shadow (D:11)
  5 wyverns
  A centaur simulacrum (D:14)
  11 spriggans
  2 water elementals (Elf:1)
  43 yaks
  7 basilisks (Lair:5)
  A wraith (D:9)
  A yak (shapeshifter) (Elf:2)
  12 golden eyes
  7 fire elementals
  2 neqoxecs (Swamp:4)
  4 chaos spawn (Swamp:4)
  3 steam dragons
  13 swamp worms
  Menkaure (D:4)
  23 vampire mosquitoes
  2 acid dragons
  Edmund (D:4)
  4 hell hounds (Orc:2)
  40 nagas
  32 water moccasins
  A floating eye (Slime:5)
  3 black bears (D:9)
  19 orc warriors
  Duvessa (D:7)
  8 swamp drakes
  An ice beast (D:6)
  2 sky beasts
  An ice beast (shapeshifter) (D:14)
  33 ogres
  31 wolves
  11 centaurs
  A phantom (D:6)
  12 kobold brigands
  6 bullfrogs
  5 gnoll sergeants
  A scorpion (D:6)
  A necrophage (D:7)
  7 earth elementals
  4 wights
  Dowan (D:7)
  21 killer bees
  2 electric eels
  2 howler monkeys (D:8)
  Crazy Yiuf (D:4)
  A gnoll bouda (D:7)
  17 orc priests
  9 hounds
  5 iguanas
  17 orc wizards
  7 adders
  25 gnolls
  A shadow imp (D:7)
  A white imp (D:7)
  An ufetubus (D:5)
  3 worms
  2 dart slugs (D:4)
  55 orcs
  8 endoplasms
  5 giant cockroaches
  5 goblins
  6 hobgoblins
  5 jackals
  3 quokkas
  7 ball pythons
  7 bats
  3 frilled lizards (D:2)
  34 kobolds
  7 rats
  A bush (Elf:1)
  2 butterflies
1400 creatures vanquished.

Vanquished Creatures (others)
  A deep elf knight (Elf:1)
  A hornet (Swamp:3)
  A raiju (shapeshifter) (Elf:2)
  An air elemental (Elf:2)
  A spriggan (Swamp:3)
  A human (shapeshifter) (Elf:2)
  A naga (Snake:1)
  3 briar patches (Swamp:4)
  2 foxfires (Swamp:3)
  14 fungi
  68 plants
94 creatures vanquished.

Grand Total: 1494 creatures vanquished

Notes
Turn   | Place    | Note
-------+----------+-------------------------------------------
     0 | D:1      | Earthwalker the Minotaur Fighter began the quest for the
                  | Orb.
     0 | D:1      | Reached XP level 1. HP: 19/19 MP: 0/0
   185 | D:1      | Reached XP level 2. HP: 27/27 MP: 1/1
   820 | D:2      | Reached skill level 1 in Dodging
   820 | D:2      | Reached XP level 3. HP: 27/33 MP: 2/2
  1003 | D:2      | Reached skill level 4 in Fighting
  1068 | D:2      | Reached XP level 4. HP: 40/40 MP: 3/3
  1083 | D:2      | Reached skill level 1 in Stealth
  1156 | D:2      | Found a shimmering altar of Xom.
  2217 | D:3      | Reached XP level 5. HP: 47/47 MP: 4/4
  2499 | D:3      | Found a shimmering altar of Xom.
  2506 | D:3      | Found a shadowy altar of Dithmenos.
  2512 | D:3      | Found a hide-covered altar of Uskayaw.
  2617 | D:4      | Noticed Menkaure
  2631 | D:4      | Killed Menkaure
  2727 | D:4      | Reached XP level 6. HP: 53/53 MP: 5/5
  2785 | D:4      | Found Ritahemi's Book Boutique.
  2857 | D:4      | Noticed Edmund
  2937 | D:4      | Killed Edmund
  2938 | D:4      | Reached skill level 5 in Armour
  3016 | D:4      | Reached skill level 5 in Fighting
  3098 | D:4      | Found a transporter.
  3098 | D:4      | Found a transporter.
  3101 | D:4      | Noticed H0rd4k's ghost (novice HuAr)
  3101 | D:4      | Identified the +10 great mace "Netaun" {holy, rPois Will-
                  | Str+8}
  3355 | D:4      | Found a runed translucent door.
  3356 | D:4      | Noticed Crazy Yiuf
  3427 | D:4      | Killed Crazy Yiuf
  3428 | D:4      | Reached skill level 5 in Shields
  3568 | D:5      | Entered Level 5 of the Dungeon
  3568 | D:5      | Noticed Prince Ribbit
  3575 | D:4      | Killed Prince Ribbit
  3576 | D:4      | Reached XP level 7. HP: 38/61 MP: 6/6
  4068 | D:5      | Reached skill level 5 in Polearms
  4428 | D:5      | Identified the +11 short sword "Xurghoco" {drain, Will-
                  | Dex+3}
  4583 | D:5      | Reached XP level 8. HP: 43/70 MP: 7/7
  4838 | D:6      | Reached skill level 6 in Fighting
  4962 | D:6      | Found Otaocluo's Weapon Shop.
  5396 | D:6      | Identified the +3 long sword "Rocinuis" {antimagic, rC++
                  | Str+3}
  5543 | D:7      | Noticed Duvessa
  5565 | D:6      | Reached skill level 5 in Dodging
  5849 | D:7      | Noticed Dowan
  5880 | D:7      | Killed Dowan
  6126 | D:6      | Reached XP level 9. HP: 70/78 MP: 8/8
  6169 | D:7      | Reached skill level 7 in Fighting
  6258 | D:7      | Found a staircase to the Ecumenical Temple.
  6442 | Temple   | Entered the Ecumenical Temple
  6464 | Temple   | Became a worshipper of Warmaster Okawaru
  6903 | D:7      | Noticed a kobold demonologist
  6907 | D:7      | Noticed an ice devil
  6908 | D:7      | Noticed an ice devil
  6992 | D:7      | Killed a kobold demonologist
  6997 | D:6      | Reached * piety under Okawaru
  7061 | D:7      | Killed Duvessa
  7062 | D:7      | Reached skill level 8 in Fighting
  7349 | D:8      | Reached XP level 10. HP: 82/88 MP: 9/9
  7529 | D:8      | Reached ** piety under Okawaru
  8153 | D:9      | Reached *** piety under Okawaru
  8325 | D:9      | Reached skill level 9 in Fighting
  8397 | D:9      | Reached **** piety under Okawaru
  8485 | D:9      | You fall into a shaft and drop 1 floor!
  8485 | D:10     | Entered Level 10 of the Dungeon
  8949 | D:9      | Found a staircase to the Lair.
  9287 | D:9      | Reached XP level 11. HP: 97/97 MP: 10/10
  9490 | Lair:1   | Entered Level 1 of the Lair of Beasts
  9501 | D:10     | Noticed Harold
  9512 | D:10     | Killed Harold
  9855 | D:10     | Reached ***** piety under Okawaru
  9862 | D:10     | Reached skill level 10 in Fighting
 10450 | D:11     | Reached skill level 10 in Polearms
 10450 | D:11     | Reached skill level 5 in Stealth
 10540 | D:11     | Noticed a two-headed ogre
 10553 | D:11     | Killed a two-headed ogre
 10553 | D:11     | Received a gift from Okawaru
 10573 | D:11     | Found a staircase to the Orcish Mines.
 10910 | D:11     | Reached skill level 1 in Throwing
 10910 | D:11     | Reached skill level 1 in Invocations
 10936 | D:11     | Reached skill level 1 in Evocations
 11074 | D:11     | Noticed a boulder beetle
 11090 | D:11     | Killed a boulder beetle
 11155 | D:11     | Reached skill level 10 in Armour
 11159 | D:11     | Reached skill level 10 in Shields
 11409 | D:11     | Identified a scroll of acquirement
 11410 | D:11     | Acquired the +5 demon trident of the Messenger {vamp, rPois
                  | Will- Str+3}
 11752 | D:11     | Reached skill level 11 in Fighting
 11975 | Orc:1    | Entered Level 1 of the Orcish Mines
 12159 | D:12     | Noticed a red ugly thing
 12169 | D:12     | Killed a red ugly thing
 12170 | D:12     | Reached XP level 12. HP: 104/110 MP: 12/12
 12296 | D:12     | Reached ****** piety under Okawaru
 12296 | D:12     | Received a gift from Okawaru
 12878 | D:12     | Noticed a catoblepas
 12889 | D:12     | Killed a catoblepas
 12893 | D:12     | Noticed a catoblepas
 12934 | D:12     | Killed a catoblepas
 14329 | Orc:1    | Identified the +2 cloak "Yjeemilo" {Str+4} (Okawaru gifted
                  | it to you on level 1 of the Orcish Mines)
 14329 | Orc:1    | Received a gift from Okawaru
 14550 | Orc:2    | Entered Level 2 of the Orcish Mines
 14612 | Orc:2    | Found a staircase to the Elven Halls.
 14665 | Orc:2    | Noticed an ogre mage
 14670 | Orc:2    | Paralysed by something for 5 turns
 14676 | Orc:2    | Killed an ogre mage
 14687 | Orc:2    | Noticed a two-headed ogre
 14695 | Orc:2    | Killed a two-headed ogre
 14696 | Orc:2    | Reached skill level 12 in Fighting
 14702 | Orc:2    | Noticed a two-headed ogre
 14711 | Orc:1    | Killed a two-headed ogre
 14746 | Orc:2    | Noticed Azrael
 14870 | Orc:2    | Noticed an ogre mage
 14872 | Orc:2    | Noticed a two-headed ogre
 15024 | Orc:1    | Killed Azrael
 15027 | Orc:1    | Paralysed by an ogre mage for 4 turns
 15034 | Orc:1    | Killed an ogre mage
 15158 | Orc:2    | Killed a two-headed ogre
 15159 | Orc:2    | Reached XP level 13. HP: 100/118 MP: 14/14
 15285 | Orc:2    | Noticed an orc warlord
 15309 | Orc:1    | Killed an orc warlord
 15751 | Orc:2    | Found Womam's Magic Scroll Emporium.
 15751 | Orc:2    | Found Oppiarcha's Distillery.
 15752 | Orc:2    | Found Gathoan's Assorted Antiques.
 15752 | Orc:2    | Found Dionexu's Assorted Antiques.
 15761 | Orc:2    | Noticed Maurice
 15849 | Orc:2    | Killed Maurice
 15849 | Orc:2    | Received a gift from Okawaru
 15942 | Orc:2    | Noticed Snorg
 15963 | Orc:2    | Killed Snorg
 15963 | Orc:2    | Received a gift from Okawaru
 16251 | Orc:2    | Found Tuathro's Weapon Shop.
 16754 | Orc:2    | Bought a scroll of acquirement for 624 gold pieces
 16754 | Orc:2    | Bought a scroll of identify for 24 gold pieces
 16754 | Orc:2    | Bought a scroll of identify for 24 gold pieces
 16754 | Orc:2    | Bought a scroll of identify for 24 gold pieces
 16756 | Orc:2    | Acquired the amulet "Xoask" {Spirit MP+9 Int-3 Dex+4}
 17069 | D:4      | Killed H0rd4k's ghost
 17642 | Lair:1   | Reached skill level 13 in Fighting
 18811 | Lair:2   | Reached skill level 5 in Throwing
 18873 | Lair:2   | Found a staircase to the Snake Pit.
 18899 | Lair:2   | Reached XP level 14. HP: 129/129 MP: 16/16
 19033 | Lair:2   | Noticed Maggie
 19045 | Lair:2   | Killed Maggie
 19175 | Lair:2   | Reached skill level 5 in Invocations
 19998 | Lair:3   | Identified the +1 robe of the Sturgeon {rPois Str+4 Int+5}
 20123 | Lair:3   | Received a gift from Okawaru
 20141 | Lair:3   | Identified the +6 dagger "Komuteof" {pain, rPois rF- Int+4
                  | Dex+3}
 20323 | Lair:3   | Reached skill level 10 in Dodging
 20708 | Lair:3   | Found a staircase to the Swamp.
 20958 | Lair:3   | Reached skill level 5 in Evocations
 21013 | Lair:4   | Received a gift from Okawaru
 21077 | Lair:4   | Found a staircase to the Slime Pits.
 21751 | Lair:5   | Entered Level 5 of the Lair of Beasts
 21897 | Lair:4   | Reached skill level 14 in Fighting
 22182 | Lair:5   | Received a gift from Okawaru
 22692 | Lair:5   | Found a runed translucent door.
 22804 | Lair:5   | Identified the +5 plate armour of Noughts and Crosses
                  | {Rampage +Inv rF++ rC+} (Okawaru gifted it to you on level
                  | 5 of the Lair of Beasts)
 22804 | Lair:5   | Received a gift from Okawaru
 22976 | Lair:5   | Reached XP level 15. HP: 132/139 MP: 18/18
 24550 | D:13     | Acquired 1121 gold pieces
 24641 | D:13     | Found a gate to the Vaults.
 25219 | D:14     | Reached skill level 15 in Fighting
 25401 | D:14     | Received a gift from Okawaru
 25513 | D:14     | Found Meid Hed's Book Shoppe.
 25577 | D:15     | Entered Level 15 of the Dungeon
 25834 | D:15     | Identified the +0 chain mail "Sephonk" {rPois Regen+ rCorr
                  | Str-3} (Okawaru gifted it to you on level 15 of the
                  | Dungeon)
 25834 | D:15     | Received a gift from Okawaru
 26696 | D:15     | Found a staircase to the Depths.
 27055 | Snake:1  | Entered Level 1 of the Snake Pit
 27082 | Lair:2   | Reached XP level 16. HP: 119/151 MP: 17/20
 28044 | Snake:1  | Reached skill level 16 in Fighting
 28296 | Snake:1  | Received a gift from Okawaru
 28400 | Snake:2  | Found a runed translucent door.
 28405 | Snake:2  | Noticed TuffENuff's ghost (adept FoFi)
 28860 | Snake:2  | Noticed Aizul
 28876 | Snake:2  | Killed Aizul
 29515 | Snake:2  | Received a gift from Okawaru
 30851 | Snake:4  | Entered Level 4 of the Snake Pit
 31365 | Snake:4  | Received a gift from Okawaru
 31570 | Snake:4  | Noticed Mlioglotl
 31691 | Snake:4  | Killed Mlioglotl
 31691 | Snake:4  | Identified the +2 robe of Kuzoaf {rC+ Dex+3} (Okawaru
                  | gifted it to you on level 4 of the Snake Pit)
 31691 | Snake:4  | Received a gift from Okawaru
 31692 | Snake:4  | Reached skill level 17 in Fighting
 31937 | Snake:4  | Reached XP level 17. HP: 160/161 MP: 22/22
 33732 | Snake:4  | Received a gift from Okawaru
 34042 | Snake:4  | Got a serpentine rune of Zot
 34419 | D:6      | Bought 2 throwing nets for 60 gold pieces
 34761 | Orc:2    | Bought a potion of heal wounds for 130 gold pieces
 34761 | Orc:2    | Bought a scroll of teleportation for 78 gold pieces
 36051 | Orc:2    | Bought a scroll of enchant weapon for 90 gold pieces
 36051 | Orc:2    | Bought a scroll of teleportation for 36 gold pieces
 37225 | Swamp:1  | Entered Level 1 of the Swamp
 37244 | Swamp:1  | Received a gift from Okawaru
 38157 | Swamp:1  | Received a gift from Okawaru
 38733 | Swamp:2  | Received a gift from Okawaru
 39059 | Swamp:2  | Paralysed by a fenstrider witch for 5 turns
 39852 | Swamp:2  | Noticed a tentacled monstrosity
 39862 | Swamp:2  | Killed a tentacled monstrosity
 39863 | Swamp:2  | Reached skill level 18 in Fighting
 39912 | Swamp:2  | Noticed a tentacled monstrosity
 39924 | Swamp:2  | Killed a tentacled monstrosity
 40049 | Swamp:2  | Reached XP level 18. HP: 145/172 MP: 22/24
 40478 | Swamp:3  | Reached skill level 10 in Stealth
 40965 | Swamp:3  | Got the Volume of Doomed Ice
 40994 | Swamp:3  | Paralysed by a fenstrider witch for 2 turns
 40999 | Swamp:3  | Paralysed by a fenstrider witch for 3 turns
 42094 | Swamp:4  | Entered Level 4 of the Swamp
 42189 | Swamp:4  | Noticed a tentacled monstrosity
 42207 | Swamp:4  | Killed a tentacled monstrosity
 42447 | Swamp:4  | Paralysed by an orc sorcerer for 4 turns
 42455 | Swamp:4  | Reached skill level 15 in Polearms
 42653 | Swamp:4  | Received a gift from Okawaru
 42653 | Swamp:4  | Found the +8 demon blade "Leech" {vamp, Harm Drain rN+}
 42707 | Swamp:4  | Reached skill level 15 in Shields
 42733 | Swamp:4  | Noticed a tentacled monstrosity
 42996 | Swamp:4  | Killed a tentacled monstrosity
 43495 | Swamp:4  | Noticed a tentacled monstrosity
 43507 | Swamp:4  | Killed a tentacled monstrosity
 43615 | Swamp:4  | Reached skill level 10 in Invocations
 43739 | Swamp:4  | Received a gift from Okawaru
 43740 | Swamp:4  | Paralysed by an ogre mage for 3 turns
 43822 | Swamp:4  | Reached skill level 15 in Armour
 43833 | Swamp:4  | Paralysed by a fenstrider witch for 2 turns
 43839 | Swamp:4  | Received a gift from Okawaru
 43878 | Swamp:4  | Reached skill level 10 in Throwing
 44122 | Swamp:4  | Gained mutation: You are clumsy. (Dex -2) [a neqoxec]
 44188 | Swamp:4  | Got a decaying rune of Zot
 45609 | Slime:1  | Entered Level 1 of the Pits of Slime
 45825 | Lair:4   | Reached skill level 19 in Fighting
 46792 | Slime:1  | Received a gift from Okawaru
 47272 | Slime:2  | Gained mutation: You expend magic power (3 MP) to
                  | strengthen your wands. [a shining eye]
 47320 | Slime:2  | Gained mutation: You occasionally lose the ability to drink
                  | potions when taking damage. [a shining eye]
 47333 | Slime:2  | Gained mutation: You are frail. (-10% HP) [a shining eye]
 47349 | Slime:1  | Lost mutation: You are frail. (-10% HP) [a shining eye]
 47357 | Slime:1  | Gained mutation: You occasionally shout uncontrollably at
                  | your foes. [a shining eye]
 48430 | Elf:1    | Entered Level 1 of the Elven Halls
 48475 | Orc:2    | Reached XP level 19. HP: 183/183 MP: 25/25
 48765 | Elf:1    | Noticed po7itron's ghost (journeyman MiGl)
 48876 | Elf:1    | Found a runed translucent door.
 48898 | Elf:1    | Found Tiegob's General Store.
 50095 | Elf:2    | Found a runed translucent door.
 50100 | Elf:2    | Noticed ababab's ghost (journeyman FeEn)
 50108 | Elf:2    | Found Archou Zuborr's Book Shoppe.
 50108 | Elf:2    | Noticed Nikola
 50109 | Elf:2    | Paralysed by an air elemental for 1 turns
 50288 | Elf:2    | Killed Nikola
 50383 | Elf:2    | Bought a manual of Shields for 1440 gold pieces
 50501 | Elf:2    | Found Zuatha's Weapon Boutique.
 50639 | Elf:2    | Found Baoguwku's Assorted Antiques.
 50711 | Elf:2    | Received a gift from Okawaru
 51161 | Elf:2    | Found Tywearax's Distillery.
 51183 | Elf:2    | Bought a potion of heal wounds for 65 gold pieces
 51183 | Elf:2    | Bought a potion of curing for 39 gold pieces
 51183 | Elf:2    | Bought a potion of curing for 39 gold pieces
 51183 | Elf:2    | Bought a potion of curing for 39 gold pieces
 51265 | Elf:2    | Reached skill level 10 in Evocations
 51293 | Elf:2    | Found Odisamal's Weapon Shoppe.
 51418 | Elf:2    | Reached skill level 20 in Fighting
 51574 | Elf:1    | Found a radiant altar of Vehumet.
 51610 | Elf:2    | Found a runed translucent gate.
 51611 | Elf:2    | Found a runed translucent gate.
 51611 | Elf:2    | Found a runed translucent gate.
 51666 | Elf:2    | Killed ababab's ghost
 52401 | Elf:2    | Received a gift from Okawaru
 52809 | Elf:3    | Entered Level 3 of the Elven Halls
 53658 | Elf:3    | Found Ruon's Distillery.
 53722 | Elf:3    | Identified the +10 scimitar "Impslayer" {vorpal, Dex+2}
 54135 | Abyss:2  | Cast into level 2 of the Abyss (a deep elf demonologist)
 54144 | Elf:3    | Escaped the Abyss
 54316 | Elf:3    | Reached XP level 20. HP: 121/195 MP: 23/26
 54868 | Elf:3    | Identified the +1 cloak of Happy Babbling {rPois} (Okawaru
                  | gifted it to you on level 3 of the Elven Halls)
 54868 | Elf:3    | Received a gift from Okawaru
 54944 | Elf:3    | Identified the +10 trident of Resumed Hostilities {venom,
                  | Int+4}
 55197 | Elf:3    | Identified the ring "Areyleot" {Ice Str+4 Int+5}
 55263 | Elf:3    | Identified the ring "Beibb" {Fly rElec Int+7}
 55359 | Elf:3    | Reached skill level 21 in Fighting
 55616 | Elf:3    | Identified the +2 pair of gloves of Aci Ziew {Rampage rF+}
 55940 | Elf:1    | Killed po7itron's ghost
 55955 | Elf:1    | Got the Codex of the Quarry
 57659 | Snake:2  | Killed TuffENuff's ghost
 58192 | Orc:2    | Lost mutation: You occasionally shout uncontrollably at
                  | your foes. [potion of mutation]
 58192 | Orc:2    | Lost mutation: You are clumsy. (Dex -2) [potion of
                  | mutation]
 58192 | Orc:2    | Gained mutation: You do not regenerate when monsters are
                  | visible. [potion of mutation]
 58192 | Orc:2    | Gained mutation: You are agile. (Dex +4, Str/Int -1)
                  | [potion of mutation]
 58193 | Orc:2    | Lost mutation: You do not regenerate when monsters are
                  | visible. [potion of mutation]
 58193 | Orc:2    | Lost mutation: You occasionally lose the ability to drink
                  | potions when taking damage. [potion of mutation]
 58193 | Orc:2    | Lost mutation: You are agile. (Dex +4, Str/Int -1) [potion
                  | of mutation]
 58193 | Orc:2    | Gained mutation: You have hidden genetic potential. [potion
                  | of mutation]
 58193 | Orc:2    | Gained mutation: Your mind is acute. (Int +4, Str/Dex -1)
                  | [potion of mutation]
 58193 | Orc:2    | Lost mutation: You expend magic power (3 MP) to strengthen
                  | your wands. [potion of mutation]
 58193 | Orc:2    | Gained mutation: Your spells are a little harder to cast,
                  | but a little more powerful. [potion of mutation]
 59303 | Slime:2  | Reached skill level 15 in Dodging
 59867 | Slime:3  | Gained mutation: Your spells are harder to cast, but more
                  | powerful. [a shining eye]
 59871 | Slime:3  | Gained mutation: Your mind is very acute. (Int +8, Str/Dex
                  | -2) [a shining eye]
 59898 | Slime:3  | Received a gift from Okawaru
 62253 | Slime:4  | Gained mutation: You occasionally lose the ability to read
                  | scrolls when taking damage. [a shining eye]
 62318 | Slime:4  | Gained mutation: You are occasionally teleported next to
                  | monsters. [a shining eye]
 62703 | Slime:5  | Entered Level 5 of the Pits of Slime
 62707 | Slime:5  | Identified the +4 plate armour of the Moon {Contam rPois
                  | Str+5} (Okawaru gifted it to you on level 5 of the Pits of
                  | Slime)
 62707 | Slime:5  | Received a gift from Okawaru
 62713 | Slime:5  | Gained mutation: You occasionally lose the ability to drink
                  | potions when taking damage. [a shining eye]
 62715 | Slime:5  | Gained mutation: Your body sometimes deteriorates upon
                  | taking damage. [a shining eye]
 63782 | Slime:5  | Paralysed by a floating eye for 3 turns
 63929 | Slime:5  | Noticed the Royal Jelly
 64828 | Slime:4  | HP: 5/199 [rockslime[the Royal Jelly] (19)]
 64831 | Slime:4  | HP: 2/199 [acid (4)]
 64832 | Slime:4  | Splashed with acid

Illustrated notes

Levels and vault maps discovered:
D:1:      tarquinn_simple_flora_water_d, layout_basic
D:2:      layout_basic, basic_altar, serial_rivers,
          chequers_serial_rivers_micro_a, chequers_serial_rivers_micro_b,
          chequers_serial_rivers_large_a, chequers_serial_rivers_marsh,
          chequers_serial_rivers_micro_c
D:3:      layout_basic, minmay_overflow_temple_star_quad
D:4:      layout_loops_ring, serial_shops, nicolae_shop_stone,
          gammafunk_ghost_smash, uniq_menkaure, uniq_crazy_yiuf_cottage,
          uniq_edmund
D:5:      layout_loops_ring, minmay_misc_feat_columns, uniq_prince_ribbit1
D:6:      layout_gridville, serial_shops, shop
D:7:      layout_cave_pools, minmay_temple_entry_proselytizer,
          serial_gnoll_camp, gnoll_camp_mini_loothouse, gnoll_camp_mini_house,
          gnoll_camp_mini_basic, gnoll_camp_mini_doghouse,
          gnoll_camp_mini_basic, uniq_duvessa
D:8:      layout_basic
D:9:      layout_basic, minmay_lair_entry_grove, minivault_23, nrook_campfire
D:10:     layout_big_octagon, minivault_10, uniq_harold
D:11:     layout_basic, kennysheep_orc_monster_closet_entryway
D:12:     nzn_motion_control, layout_small_grid, serial_co_window_serial,
          co_window_paths_a, co_window_corner_a, co_window_paths_a,
          co_window_paths_a, co_window_corner_a, co_window_paths_a,
          co_window_of_opportunity_a, co_window_cross_1,
          co_window_of_opportunity_a, co_window_corner_ca, co_window_corner_ca,
          co_window_of_opportunity_c, co_window_broadway_b,
          co_window_unsneaky_path_a, co_window_corner_b, glass_columns_a,
          glass_columns_b, glass_columns_a, glass_columns_b,
          serial_bayou_crossing
D:13:     layout_basic, david_vaults_5
D:14:     layout_roguey, serial_shops, nicolae_shop_trees,
          minmay_misc_feat_enclosed
D:15:     hangedman_depths_entry_civil_slaughter, layout_irregular_city,
          chequers_arboretum
Temple:   hellmonk_temple_of_storms
Lair:1:   layout_chaotic_city, hangedman_lair_generics_rect,
          serial_bayou_shore_a
Lair:2:   layout_small_grid, minmay_snake_entry_six_corridors,
          grunt_megastairs_3, infiniplex_staircase_pool_2, uniq_maggie
Lair:3:   layout_hall_layers, minmay_swamp_entry_worms, lemuel_fruit_fields
Lair:4:   layout_long_grid, slime_entry_1
Lair:5:   wormcave, layout_regular_city, guppyfry_lair_end_dragon,
          infiniplex_staircase_pool, serial_bayou_shore_b
Swamp:1:  layout_falls_marsh, hangedman_swamp_ruin_hall
Swamp:2:  nzn_winding_woodlands_cross [nzn_winding_woodlands_5x15_lazy_stream,
          nzn_winding_woodlands_5x15_river_crossing,
          nzn_winding_woodlands_5x15_sidewinder,
          nzn_winding_woodlands_5x15_zeroes,
          nzn_winding_woodlands_15x15_boxy_spiral], layout_basic_swamp,
          evilmike_swamp_ruin_house_4, swamp_pool5
Swamp:3:  layout_basic_swamp, evilmike_swamp_ruin_rubble_1, swamp_pool5,
          nicolae_swamp_bunyip_nook
Swamp:4:  nzn_swamp_witches_coven, layout_basic_swamp
Snake:1:  layout_misc_corridors
Snake:2:  layout_misc_corridors, hellmonk_ghost_happy_afterlife, uniq_aizul
Snake:3:  layout_cave_pods, lemuel_fruit_tree
Snake:4:  snake_pit, layout_onion, grunt_ministairs_4, nicolae_snake_snakewalk,
          uniq_mlioglotl
Slime:1:  layout_caves
Slime:2:  layout_caves
Slime:3:  layout_caves
Slime:4:  layout_caves
Slime:5
Orc:1:    layout_diamond_mine
Orc:2:    st_orc_ogre_mass, layout_caves, serial_shops, shop_fountains,
          basic_altar, hellmonk_bongcloud_opening, uniq_azrael, uniq_snorg,
          uniq_maurice
Elf:1:    minmay_elf_arrival_plus, layout_geoelf_grid, serial_shops, shop,
          hellmonk_ghost_big_iron, hangedman_corner_corridor,
          lemuel_upstairs_altar
Elf:2:    nicolae_elf_blades_crystal_corner, layout_loops_corners, serial_shops,
          shop, nicolae_shop_temple_entry_statues_fountains, shop,
          nicolae_square_shop, shop, ebering_ghost_reflecting_pool, uniq_nikola
Elf:3:    grunt_elf_hall_asides, layout_geoelf_octagon, serial_shops,
          nicolae_square_shop, minivault_5, wad_floor_pattern_2

Skill      XL: |  1  2  3  4  5  6  7  8  9 10 11 12 13 14 15 16 17 18 19 20 |
---------------+-------------------------------------------------------------+-----
Armour         | 4 5 6 7 8 9 10 11 12 13 14 15 16 17 | 17.0
Dodging        | 1 2 3 4 5 6 7 8 9 10 11 12 13 14 15 | 15.2
Polearms       | 3 4 5 6 7 9 10 12 13 14 15 16 17 | 17.1
Shields        | 4 5 6 8 9 10 11 12 13 14 15 17 18 | 18.7
Fighting       | 4 5 6 8 9 11 12 13 14 15 17 18 19 20 21 | 21.7
Stealth        | 1 2 3 4 5 6 7 8 9 10 | 10.8
Throwing       | 2 3 5 6 7 8 9 10 | 10.0
Invocations    | 2 3 4 6 7 8 9 10 | 10.0
Evocations     | 1 3 4 5 6 7 8 9 10 | 10.0

Action                   |  1- 3 |  4- 6 |  7- 9 | 10-12 | 13-15 | 16-18 | 19-21 || total
-------------------------+-------+-------+-------+-------+-------+-------+-------++-------
Melee: Trident           |   111 |    97 |   244 |   308 |       |       |   558 ||  1318
       Headbutt          |     1 |    10 |    27 |    96 |   298 |   368 |   302 ||  1102
       Demon trident     |       |       |       |   246 |  1239 |  1633 |   655 ||  3773
Throw: Boomerang         |       |    27 |    22 |    49 |   176 |   350 |    74 ||   698
       Dart              |       |       |       |       |       |       |     2 ||     2
Invok: Heroism           |       |       |       |       |       |     1 |     3 ||     4
       Finesse           |       |       |       |       |       |     1 |     3 ||     4
  Use: Scroll            |     2 |     5 |     3 |    16 |    13 |     5 |       ||    44
       Potion            |       |       |     1 |       |       |     4 |     2 ||     7
 Stab: Distracted        |       |       |     2 |     3 |       |     1 |       ||     6
       Sleeping          |       |       |     1 |       |       |       |     1 ||     2
Armor: Scale mail        |    43 |    17 |       |       |       |       |       ||    60
       Ring mail         |       |     3 |    26 |       |       |       |       ||    29
       Plate armour      |       |       |    77 |   196 |   378 |   601 |   386 ||  1638
Dodge: Dodged            |    44 |    21 |    91 |    98 |   283 |   487 |   298 ||  1322
Block: Buckler           |    20 |    14 |    59 |     1 |       |       |       ||    94
       Kite shield       |       |       |       |   169 |   490 |   858 |   297 ||  1814
       Reflection        |       |       |       |       |       |    75 |    10 ||    85
